Map: King of Braxis Station

Players

MrFercho

  • Race: Zerg Zerg
  • Spawn Location: 9:00

TATORREA

  • Race: Protoss Protoss
  • Spawn Location: 12:00

tigro - Winner!

  • Race: Terran Terran
  • Spawn Location: 7:00

VOD

Have the link to the VOD?

Description

Time

  • Played on: April 15, 2020, 10:15 p.m.
  • Length: 77:12
Show
View Real Time Build Order
Export as new Build Order

MrFercho Zerg 

Build Orders: Pool First 

Get SALT Encoding   

  12  0:07  Drone  
  12  0:13  Overlord  
  13  0:18  Drone  
  14  0:23  Extractor  
  13  0:43  Drone  
  13  0:44  Drone  
  13  0:45  Drone  
  16  0:56  Spawning Pool  
  15  1:00  Drone  
  16  1:17  Drone x2  
  18  1:40  Drone  
  18  1:41  Drone  
  20  2:03  Metabolic Boost  
  20  2:18  Drone  
  20  2:19  Drone  
  20  2:20  Overlord  
  22  2:28  Hatchery  
  21  2:49  Drone  
  21  2:50  Overlord  
  22  2:56  Hatchery  
  21  3:23  Drone  
  21  3:24  Drone x2  
  24  3:31  Lair  
  24  3:35  Extractor  
  23  3:43  Drone  
  24  3:52  Queen  
  26  3:57  Drone x2  
  28  4:09  Hatchery  
  27  4:13  Queen  
  29  4:20  Hatchery  
  28  4:25  Hatchery  
  27  4:36  Zergling x6  
  30  4:47  Infestation Pit  
  30  4:52  Spire  
  28  5:04  Baneling Nest  
  27  6:03  Drone x2  
  30  6:04  Drone  
  29  6:13  Pneumatized Carapace  
  29  6:14  Burrow  
  29  6:23  Extractor x2  
  25  6:35  Zergling x4  
  25  6:36  Zergling x2  
  28  6:53  Infestor  
  29  7:05  Hatchery  
  28  7:12  Extractor  
  27  7:23  Neural Parasite  
  27  7:51  Hatchery  
  26  7:52  Hatchery x2  
  24  8:14  Drone x15  
  24  8:18  Queen  
  41  8:40  Drone x2  
  43  8:56  Nexus  
  44  9:10  Zergling x6  
  46  9:21  Hive  
  46  9:31  Evolution Chamber  
  46  9:33  Evolution Chamber  
  46  9:36  Evolution Chamber  
  43  9:45  Drone  
  44  9:46  Drone x2  
  46  10:00  Drone  
  46  10:01  Drone x2  
  46  10:06  Queen  
  51  10:09  Drone x3  
  54  10:17  Extractor  
  54  10:18  Extractor  
  52  10:24  Extractor  
  52  10:26  Probe (Chrono Boost)  
  52  10:28  Extractor  
  51  10:38  Probe (Chrono Boost)  
  52  10:45  Pylon  
  52  10:47  Probe (Chrono Boost)  
  52  10:48  Pylon  
  53  10:52  Probe  
  54  11:05  Probe  
  54  11:09  Nexus  
  55  11:20  Mutalisk  
  55  11:21  Mutalisk x4  
  65  11:30  Drone  
  65  11:31  Drone x2  
  68  11:41  Forge  
  68  11:47  Gateway  
  68  11:54  Pylon  
  68  11:55  Pylon  
  68  11:56  Pylon  
  68  12:22  Probe  
  69  12:29  Protoss Shields Level 1  
  69  12:34  Probe  
  70  12:44  Cybernetics Core  
  70  12:46  Probe  
  71  12:57  Zerg Melee Weapons Level 1, Zerg Ground Armor Level 1, Zerg Missile Weapons Level 1  
  71  12:58  Probe  
  72  13:00  Drone x22  
  72  13:01  Drone x2  
  96  13:17  Ultralisk Cavern  
  96  13:19  Roach Warren  
  94  13:21  Hydralisk Den  
  94  13:24  Greater Spire  
  94  13:26  Drone  
  95  13:27  Drone  
  95  13:34  Drone x3  
  98  13:53  Drone x3  
  101  14:19  Stargate  
  101  14:21  Stargate  
  101  14:23  Stargate  
  101  14:25  Protoss Air Armor Level 1, Stargate  
  101  14:27  Stargate x2  
  101  14:39  Twilight Council  
  101  14:50  Queen  
  101  14:52  Overlord x2  
  103  14:53  Overlord x3  
  103  14:54  Pylon  
  103  14:59  Drone  
  104  15:00  Drone x5  
  104  15:01  Drone  
  110  15:17  Fleet Beacon  
  110  15:21  Fleet Beacon  
  110  15:46  Pathogen Glands  
  110  15:48  Zerg Missile Weapons Level 2, Zerg Ground Armor Level 2, Zerg Melee Weapons Level 2  
  110  15:51  Zerg Flyer Weapons Level 1  
  110  15:52  Glial Reconstitution  
  110  15:54  Grooved Spines  
  110  15:55  Centrifical Hooks  
  110  15:56  Chitinous Plating  
  110  16:06  Nydus Network  
  110  16:10  Carrier x2  
  121  16:33  Protoss Air Weapons Level 1  
  121  16:39  Anion Pulse-Crystals  
  121  16:42  Unknown  
  121  16:43  Unknown  
  121  16:54  Queen  
  121  16:59  Extractor  
  121  17:01  Extractor  
  121  17:06  Muscular Augments  
  121  17:10  Tunneling Claws  
  121  17:15  Anabolic Synthesis  
  117  17:28  Carrier x3  
  117  17:29  Carrier x3  
  147  17:38  Drone x5  
  147  17:39  Drone  
  147  17:41  Overlord  
  147  17:42  Overlord  
  153  17:45  Zerg Flyer Armor Level 1  
  153  18:08  Protoss Shields Level 2  
  153  18:32  Carrier  
  153  18:33  Carrier  
  165  18:40  Hydralisk x4  
  165  18:41  Hydralisk x6  
  173  18:42  Hydralisk x2  
  173  18:43  Hydralisk x3  
  173  18:44  Hydralisk  
  173  18:45  Protoss Air Armor Level 2, Hydralisk  
  165  19:55  Corruptor x6  
  165  19:56  Corruptor x11  
  181  20:34  Carrier x4  
  181  20:41  Protoss Ground Armor Level 1  
  159  21:31  Void Ray  
  159  21:32  Tempest  
  168  21:38  Tempest x4  
  188  21:48  Zergling x24  
  188  21:53  Zerg Missile Weapons Level 3, Zerg Melee Weapons Level 3  
  200  22:50  Protoss Ground Weapons Level 1  
  200  22:51  Baneling x3  
  200  22:52  Baneling x5  
  96  23:55  Carrier x4  
  120  23:56  Carrier  
  132  24:06  Hydralisk  
  132  24:07  Hydralisk x7  
  139  24:55  Corruptor  
  139  24:56  Corruptor x10  
  145  25:27  Nydus Network  
  119  25:31  Nydus Network  
  99  26:23  Spire  
  99  26:24  Spire  
  95  26:28  Spire  
  94  26:39  Spawning Pool  
  93  27:00  Drone x3  
  96  27:23  Hatchery  
  96  27:28  Hatchery  
  96  27:29  Hatchery x2  
  92  27:32  Hatchery x2  
  92  27:34  Nexus  
  90  27:43  Lair  
  90  27:50  Lair  
  90  27:52  Overlord x3  
  90  28:32  Evolution Chamber  
  89  28:54  Probe  
  90  29:06  Probe  
  90  29:08  Infestation Pit  
  90  29:15  Zerg Flyer Weapons Level 2, Zerg Flyer Armor Level 2  
  90  29:18  Probe  
  91  29:30  Probe  
  91  29:31  Corruptor x6  
  90  29:32  Corruptor x5  
  90  29:33  Corruptor x6  
  90  29:34  Corruptor  
  120  29:46  Corruptor  
  120  29:52  Overlord  
  122  29:53  Overlord x4  
  122  29:54  Overlord x2  
  122  29:55  Overlord x4  
  122  30:02  Lair  
  122  30:06  Hive  
  102  30:39  Corruptor x5  
  102  30:40  Corruptor x13  
  138  30:50  Pylon x2  
  138  30:53  Pylon  
  138  31:19  Zergling x2  
  138  31:20  Zergling x34  
  150  31:44  Greater Spire  
  150  31:47  Zerg Flyer Weapons Level 3  
  150  31:48  Zerg Flyer Armor Level 3  
  150  31:50  Zerg Ground Armor Level 3  
  104  32:31  Baneling Nest  
  103  32:52  Forge  
  103  33:02  Corruptor  
  103  33:03  Corruptor x16  
  103  33:04  Corruptor  
  139  33:18  Baneling x4  
  139  33:19  Baneling x30  
  139  33:20  Baneling x2  
  139  33:45  Hatchery  
  138  33:48  Hatchery  
  138  33:53  Drone  
  138  33:54  Hatchery, Drone x2  
  139  34:00  Drone  
  139  34:01  Drone x2  
  124  34:50  Hydralisk Den  
  97  35:37  Corruptor x2  
  97  35:38  Corruptor x6  
  97  35:39  Corruptor x5  
  123  35:46  Drone  
  124  36:00  Zergling x2  
  124  36:01  Zergling x18  
  134  36:15  Brood Lord  
  134  36:16  Brood Lord x4  
  144  36:22  Brood Lord  
  146  36:32  Drone x3  
  149  36:37  Drone  
  149  36:38  Drone x2  
  152  36:44  Drone x3  
  152  36:45  Drone x4  
  159  37:13  Pylon  
  159  37:17  Pylon  
  159  37:20  Baneling x6, Pylon  
  159  37:21  Baneling x14  
  159  37:24  Pylon  
  81  38:39  Corruptor x3  
  81  38:40  Corruptor, Mutalisk x2  
  81  38:41  Mutalisk x6  
  99  39:20  Nydus Network  
  99  39:24  Corruptor x8  
  98  39:25  Corruptor x10  
  134  39:55  Forge  
  97  40:52  Corruptor x10  
  97  40:53  Corruptor x8  
  131  41:08  Brood Lord  
  131  41:09  Brood Lord x7  
  147  41:22  Drone  
  147  41:23  Drone x2  
  150  41:27  Mothership (Chrono Boost)  
  116  42:41  Corruptor  
  116  42:42  Corruptor x17  
  120  43:20  Corruptor  
  120  43:21  Corruptor x14  
  150  44:02  Corruptor  
  150  44:03  Corruptor x11  
  120  45:53  Corruptor x4  
  120  45:54  Corruptor x5  
  120  45:55  Corruptor, Mutalisk x2  
  120  45:56  Mutalisk x6  
  140  46:49  Mutalisk  
  140  46:50  Mutalisk x17  
  96  48:15  Mutalisk x7  
  96  48:16  Mutalisk x11  
  128  48:34  Zergling x6  
  128  48:35  Zergling x6  
  134  48:42  Zergling x8  
  134  48:43  Zergling x4  
  92  49:39  Nydus Canal  
  92  49:47  Corruptor x11  
  92  49:48  Corruptor x7  
  116  50:35  Corruptor  
  116  50:36  Corruptor x14  
  146  51:13  Hydralisk x5  
  146  51:14  Hydralisk x10  
  176  51:30  Drone x3  
  179  51:57  Nydus Canal  
  71  53:15  Mutalisk x14  
  71  53:16  Mutalisk x4  
  107  53:42  Mothership  
  100  54:21  Zergling x24  
  100  54:22  Zergling x12  
  114  54:33  Hydralisk Den  
  79  55:15  Baneling  
  79  55:16  Baneling x17  
  79  55:17  Baneling x8  
  79  55:23  Mutalisk  
  79  55:24  Mutalisk x9  
  84  56:01  Hydralisk x8  
  97  56:13  Spawning Pool  
  47  56:42  Brood Lord x2  
  48  56:49  Drone x4  
  48  56:50  Drone x11  
  62  56:57  Nexus  
  61  57:04  Probe  
  54  57:16  Probe (Chrono Boost)  
  55  57:26  Probe (Chrono Boost)  
  56  57:31  Probe (Chrono Boost)  
  56  57:34  Assimilator  
  57  57:42  Probe  
  58  57:58  Nexus  
  58  58:02  Assimilator  
  58  58:31  Hatchery x2  
  58  58:32  Hatchery  
  47  58:34  Hatchery  
  47  58:35  Hatchery  
  47  58:37  Hatchery  
  44  59:19  Probe (Chrono Boost)  
  44  59:21  Hatchery  
  44  59:30  Probe (Chrono Boost)  
  46  59:33  Probe (Chrono Boost)  
  46  59:34  Probe (Chrono Boost)  
  47  59:42  Pylon  
  47  59:43  Probe  
  49  59:45  Pylon, Probe  
  49  59:49  Pylon  
  49  59:53  Pylon  
  49  59:55  Probe  
  49  59:56  Pylon  
  49  59:57  Probe  
  51  60:03  Pylon  
  52  60:07  Pylon, Probe  
  52  60:10  Pylon  
  52  60:11  Drone x10  
  52  60:12  Drone x8  
  52  60:13  Pylon  
  70  60:17  Pylon  
  70  60:19  Probe  
  71  60:22  Pylon  
  71  60:25  Pylon  
  71  60:31  Spawning Pool  
  69  61:10  Pylon  
  69  61:16  Pylon  
  69  61:17  Pylon  
  66  61:19  Pylon  
  59  61:32  Lair  
  55  61:38  Probe  
  56  61:40  Drone  
  56  61:41  Drone x2  
  59  61:50  Probe  
  58  62:02  Probe  
  54  62:15  Probe  
  46  62:27  Probe  
  47  62:38  Pylon  
  46  62:47  Gateway  
  46  62:54  Lair  
  46  62:55  Assimilator  
  46  62:59  Assimilator  
  46  63:03  Drone x3  
  49  63:16  Probe  
  50  63:28  Probe  
  51  63:40  Probe  
  52  63:53  Probe  
  53  64:05  Probe  
  37  64:34  Hatchery  
  33  65:16  Drone x3  
  18  65:42  Hatchery  
  17  65:44  Hatchery  
  17  65:45  Hatchery  
  17  65:47  Drone  
  16  66:02  Nexus  
  16  66:04  Pylon  
  16  66:07  Pylon  
  16  66:09  Pylon  
  15  66:35  Nexus  
  15  66:49  Nexus  
  14  66:57  Nexus  
  14  66:59  Drone  
  14  67:00  Drone x2  
  15  68:17  Nexus  
  14  68:24  Nexus  
  13  69:29  Probe  
  14  69:39  Probe  
  14  69:41  Probe  
  16  69:51  Probe  
  17  69:54  Probe  
  18  70:03  Assimilator, Probe  
  18  70:06  Probe  
  20  70:07  Assimilator  
  20  70:15  Probe  
  20  70:18  Probe  
  22  70:27  Probe  
  23  70:30  Probe  
  24  70:42  Probe  
  21  70:54  Probe  
  22  71:02  Nexus  
  22  71:06  Assimilator, Probe  
  22  71:10  Assimilator  
  15  72:04  Pylon  
  15  72:07  Pylon  
  15  72:09  Pylon  
  15  72:10  Probe  
  15  72:11  Probe  
  15  72:13  Pylon  
  17  72:19  Probe  
  18  72:23  Probe x2  
  18  72:31  Probe  
  18  72:35  Probe x2  
  21  72:43  Probe  
  22  72:45  Pylon  
  22  72:47  Probe  
  23  72:55  Probe  
  23  72:58  Pylon  
  20  73:01  Pylon  
  17  73:07  Probe  
  14  73:20  Gateway  
  14  73:24  Forge  
  13  73:50  Probe (Chrono Boost)  
  14  73:57  Probe (Chrono Boost)  
  14  74:05  Probe  
  16  74:17  Probe  
  16  74:19  Gateway  
  16  74:22  Forge  
  16  74:29  Probe  
  17  74:41  Probe  
  18  74:53  Probe (Chrono Boost)  
  18  74:59  Photon Cannon  
  19  75:02  Photon Cannon  
  19  75:05  Probe (Chrono Boost)  
  21  75:14  Probe (Chrono Boost)  
  21  75:17  Nexus  
  21  75:19  Probe  
  2  76:04  Assimilator  
  2  76:31  Probe  
Show
View Real Time Build Order
Export as new Build Order

TATORREA Protoss 

Build Orders: Carriers 

Get SALT Encoding   

  12  0:08  Probe (Chrono Boost)  
  13  0:18  Probe (Chrono Boost)  
  14  0:23  Probe (Chrono Boost)  
  14  0:25  Assimilator  
  15  0:30  Assimilator  
  15  0:39  Pylon  
  15  0:49  Pylon  
  16  0:57  Probe  
  16  1:04  Forge  
  16  1:15  Gateway, Probe (Chrono Boost)  
  17  1:24  Probe (Chrono Boost)  
  18  1:29  Pylon, Probe  
  19  1:41  Pylon  
  19  1:49  Pylon  
  19  1:59  Pylon  
  19  2:07  Photon Cannon  
  19  2:09  Zealot  
  21  2:26  Photon Cannon  
  22  2:30  Probe (Chrono Boost)  
  22  2:36  Probe (Chrono Boost), Zealot  
  25  2:44  Probe  
  26  2:53  Pylon  
  26  3:11  Photon Cannon  
  26  3:15  Photon Cannon  
  26  3:31  Photon Cannon  
  26  3:38  Zealot  
  28  3:46  Photon Cannon  
  28  4:05  Zealot  
  30  4:21  Pylon  
  30  4:27  Photon Cannon  
  30  4:32  Zealot  
  30  4:37  Cybernetics Core  
  32  4:56  Photon Cannon  
  32  5:26  Zealot  
  34  5:53  Zealot  
  32  6:21  Zealot  
  34  6:48  Zealot  
  34  6:54  Stargate  
  36  6:57  Stargate  
  30  7:09  Stargate  
  30  7:15  Zealot  
  32  7:21  Probe (Chrono Boost)  
  33  7:33  Probe (Chrono Boost)  
  34  7:37  Probe (Chrono Boost)  
  34  7:42  Stalker  
  37  8:12  Stalker  
  39  8:21  Protoss Air Weapons Level 1  
  39  8:32  Photon Cannon  
  39  8:34  Photon Cannon  
  39  8:37  Photon Cannon  
  39  8:39  Photon Cannon  
  39  8:44  Photon Cannon  
  39  8:47  Photon Cannon  
  39  8:51  Photon Cannon  
  39  9:00  Photon Cannon  
  39  9:03  Photon Cannon  
  39  9:11  Pylon  
  39  9:18  Pylon  
  39  9:23  Pylon  
  39  9:31  Pylon  
  38  9:39  Photon Cannon  
  38  10:05  Fleet Beacon  
  38  10:12  Twilight Council  
  38  10:21  Pylon  
  38  10:30  Protoss Air Armor Level 1  
  38  10:40  Pylon  
  38  10:42  Stalker  
  40  10:52  Anion Pulse-Crystals  
  40  11:11  Nexus  
  40  11:12  Stalker  
  40  11:15  Unknown  
  42  11:19  Unknown  
  42  11:22  Pylon  
  42  11:25  Pylon  
  42  11:29  Pylon  
  42  11:33  Pylon  
  42  11:42  Stalker, Pylon  
  42  11:46  Photon Cannon  
  44  11:49  Photon Cannon  
  44  11:53  Photon Cannon  
  44  11:56  Unknown  
  44  11:57  Photon Cannon  
  44  12:04  Photon Cannon  
  44  12:08  Photon Cannon  
  44  12:12  Stalker, Photon Cannon  
  46  12:17  Photon Cannon  
  46  12:26  Shield Battery  
  46  12:31  Pylon  
  46  12:38  Pylon, Probe (Chrono Boost)  
  46  12:42  Stalker  
  49  12:49  Probe (Chrono Boost)  
  50  12:53  Probe (Chrono Boost)  
  51  13:03  Templar Archives  
  51  13:15  Probe (Chrono Boost)  
  52  13:20  Probe (Chrono Boost)  
  52  13:26  Probe (Chrono Boost)  
  55  13:36  Probe x2 (Chrono Boost)  
  56  13:43  Probe  
  57  13:54  Protoss Air Weapons Level 2  
  57  13:55  Probe (Chrono Boost)  
  58  14:00  Probe (Chrono Boost)  
  59  14:15  Probe (Chrono Boost)  
  60  14:23  Probe (Chrono Boost)  
  61  14:37  Probe (Chrono Boost)  
  62  14:43  Probe (Chrono Boost)  
  63  14:55  Carrier x3  
  81  15:21  Probe (Chrono Boost)  
  82  15:30  Probe (Chrono Boost)  
  83  15:42  Probe (Chrono Boost)  
  84  15:51  Probe (Chrono Boost)  
  84  15:56  Probe  
  85  15:59  Tempest x3  
  85  16:03  Protoss Ground Weapons Level 1  
  101  16:21  Psionic Storm  
  101  16:27  Protoss Air Armor Level 2  
  101  16:42  Carrier x2  
  113  16:58  Carrier  
  119  17:46  Carrier x2  
  131  18:02  Tempest  
  136  18:11  Protoss Ground Armor Level 1  
  136  18:45  Tempest  
  141  18:50  Tempest x2  
  151  19:05  Protoss Air Weapons Level 3  
  151  19:28  Tempest  
  161  20:11  Carrier  
  167  20:20  Protoss Shields Level 1  
  155  20:33  Carrier  
  155  20:49  Tempest  
  155  20:57  Pylon  
  155  21:14  Pylon  
  155  21:17  Pylon  
  155  21:32  Carrier  
  161  21:37  Carrier  
  161  21:39  Carrier  
  173  21:59  Shield Battery  
  173  22:06  Shield Battery  
  173  22:18  Pylon  
  173  22:21  Pylon  
  173  22:37  Carrier  
  179  22:41  Tempest  
  179  22:43  Tempest  
  189  23:01  Photon Cannon  
  189  23:05  Photon Cannon  
  189  23:10  Photon Cannon  
  189  23:14  Photon Cannon  
  189  23:20  Photon Cannon  
  189  23:23  Photon Cannon  
  189  23:24  Carrier  
  189  23:26  Carrier  
  177  23:41  Carrier  
  166  24:28  Carrier  
  166  24:31  Carrier  
  178  24:45  Carrier  
  184  25:32  Tempest  
  184  25:34  Tempest  
  194  25:49  Carrier  
  200  26:15  Tempest  
  200  26:17  Tempest  
  196  27:00  Carrier  
  200  27:56  Charge  
  200  28:01  Protoss Ground Weapons Level 2  
  200  28:14  Protoss Air Armor Level 3  
  200  29:36  Blink  
  180  30:35  Protoss Ground Armor Level 2  
  180  31:04  Tempest x3  
  185  31:37  Resonating Glaives  
  161  31:47  Tempest x2  
  123  32:03  Carrier  
  87  32:28  Photon Cannon  
  75  32:30  Photon Cannon, Carrier x2  
  75  32:33  Photon Cannon  
  75  32:36  Photon Cannon  
  87  32:43  Pylon  
  87  32:47  Pylon  
  87  32:50  Photon Cannon x2  
  87  32:55  Photon Cannon  
  87  32:57  Photon Cannon  
  87  32:59  Photon Cannon  
  87  33:02  Photon Cannon  
  87  33:04  Photon Cannon  
  87  33:07  Carrier  
  87  33:08  Photon Cannon  
  87  33:09  Protoss Shields Level 2  
  87  33:10  Photon Cannon  
  93  33:16  Photon Cannon x2  
  93  33:19  Photon Cannon  
  93  33:24  Photon Cannon  
  93  33:26  Photon Cannon  
  93  33:30  Photon Cannon  
  93  33:34  Photon Cannon x2, Carrier x2  
  93  33:37  Photon Cannon  
  93  33:39  Photon Cannon  
  105  33:42  Photon Cannon  
  105  33:47  Photon Cannon  
  105  33:49  Photon Cannon  
  105  33:52  Photon Cannon  
  105  33:56  Stargate  
  105  33:59  Stargate  
  105  34:04  Stargate  
  105  34:08  Stargate  
  105  34:13  Stargate  
  110  34:20  Stargate  
  110  34:30  Pylon  
  110  34:36  Pylon  
  110  34:37  Pylon  
  110  34:38  Tempest x3  
  120  34:53  Photon Cannon x2  
  120  34:56  Photon Cannon  
  120  34:58  Photon Cannon  
  76  35:21  Tempest x3  
  59  35:34  Pylon  
  59  35:38  Photon Cannon  
  59  35:40  Photon Cannon  
  59  35:43  Photon Cannon  
  59  35:46  Carrier x3  
  77  36:04  Void Ray, Tempest, Carrier  
  92  36:46  Void Ray  
  92  36:47  Void Ray  
  96  36:50  Void Ray, Tempest x2  
  114  37:01  Carrier  
  114  37:02  Carrier  
  114  37:08  Tempest  
  131  37:28  Pylon  
  131  37:29  Tempest  
  136  37:30  Carrier  
  136  37:33  Pylon, Carrier x3  
  160  37:39  Pylon  
  160  37:44  Pylon  
  160  37:48  Pylon  
  160  37:51  Tempest  
  165  37:53  Photon Cannon  
  148  38:00  Photon Cannon  
  132  38:05  Tempest  
  132  38:06  Carrier  
  132  38:07  Photon Cannon  
  132  38:12  Tempest, Photon Cannon  
  131  38:33  Tempest  
  131  38:34  Tempest  
  136  38:37  Carrier x3  
  159  38:48  Tempest  
  164  39:31  Photon Cannon  
  164  39:38  Carrier x2  
  176  39:40  Carrier  
  176  39:41  Carrier x3  
  171  40:32  Carrier x2  
  167  40:42  Carrier x2  
  163  40:45  Carrier x2  
  163  40:46  Carrier x2  
  151  41:05  Photon Cannon  
  151  41:07  Photon Cannon  
  151  41:23  Pylon  
  151  41:27  Pylon  
  151  41:32  Photon Cannon  
  151  41:34  Photon Cannon  
  151  41:50  Unknown  
  151  41:57  Unknown  
  151  42:06  Tempest x4  
  171  42:17  Photon Cannon  
  141  43:29  Forge  
  141  43:32  Assimilator  
  141  43:33  Tempest x4  
  141  43:34  Tempest x4  
  182  43:49  Probe (Chrono Boost)  
  182  43:53  Probe (Chrono Boost)  
  183  44:03  Probe  
  184  44:44  Probe (Chrono Boost)  
  185  44:48  Carrier x2, Probe (Chrono Boost)  
  198  44:59  Probe  
  125  45:30  Tempest x4  
  125  45:31  Tempest  
  125  45:32  Carrier  
  92  45:52  Carrier x2  
  67  46:48  Tempest x3  
  67  46:49  Tempest x3  
  97  46:56  Tempest x2  
  107  47:28  Photon Cannon  
  54  47:54  Tempest x4  
  54  47:55  Tempest  
  74  48:26  Tempest  
  74  48:27  Tempest  
  84  48:37  Tempest x2  
  94  48:49  Photon Cannon  
  94  48:52  Photon Cannon  
  94  49:01  Photon Cannon  
  94  49:03  Photon Cannon  
  94  49:05  Photon Cannon  
  94  49:07  Photon Cannon  
  94  49:12  Photon Cannon  
  94  49:13  Photon Cannon  
  69  50:14  Carrier x5  
  96  50:38  Pylon  
  86  51:13  Probe (Chrono Boost)  
  86  51:18  Probe  
  71  51:30  Probe  
  72  51:34  Tempest  
  72  51:35  Tempest x2  
  72  51:36  Tempest x2  
  97  51:42  Probe (Chrono Boost)  
  98  51:52  Probe (Chrono Boost)  
  4  54:35  Pylon  
  4  54:40  Pylon  
  4  54:46  Pylon  
  4  54:50  Pylon  
  4  54:53  Pylon  
  4  54:59  Pylon  
Show
View Real Time Build Order
Export as new Build Order

tigro Terran - Winner!

Build Orders:  

Get SALT Encoding   

  12  0:03  SCV  
  13  0:17  Supply Depot  
  13  0:18  SCV  
  14  0:27  Refinery  
  14  0:30  SCV  
  15  0:41  Refinery  
  15  0:55  Barracks  
  15  0:56  SCV  
  16  1:08  SCV  
  17  1:15  Supply Depot  
  17  1:20  SCV  
  18  1:49  Marine  
  19  2:01  Barracks  
  19  2:05  SCV  
  19  2:07  Marine  
  21  2:17  SCV  
  22  2:24  Marine  
  22  2:29  SCV  
  24  2:42  Marine  
  25  2:50  SCV  
  26  2:55  Barracks Tech Lab  
  26  3:00  Marine  
  26  3:02  SCV  
  28  3:12  Engineering Bay  
  28  3:18  Marine  
  29  3:20  Orbital Command  
  29  3:36  Marine  
  29  3:37  Supply Depot  
  30  3:47  Factory  
  30  3:54  Marauder  
  30  3:55  Barracks Tech Lab  
  32  3:56  Combat Shield  
  32  4:15  Marauder  
  34  4:24  Factory  
  34  4:26  SCV  
  35  4:36  Marauder  
  35  4:37  Factory Tech Lab  
  37  4:38  SCV  
  38  4:51  Armory  
  38  4:58  Marauder  
  40  5:12  Missile Turret  
  40  5:15  Concussive Shells  
  40  5:19  Marauder  
  42  5:33  Factory Tech Lab  
  42  5:36  Command Center  
  42  5:40  Marine  
  43  5:46  Missile Turret  
  43  5:57  Marine  
  43  5:59  Smart Servos  
  44  6:10  Starport  
  44  6:12  Terran Infantry Weapons Level 1  
  44  6:15  Marine  
  45  6:33  Marine  
  46  6:48  Missile Turret  
  46  6:49  Missile Turret  
  46  6:51  Marine  
  47  6:55  Terran Vehicle Weapons Level 1  
  47  7:20  Medivac  
  49  7:23  Missile Turret  
  49  8:01  Missile Turret  
  49  8:07  Terran Infantry Armor Level 1  
  49  8:15  Planetary Fortress  
  49  8:21  Starport Tech Lab  
  49  8:22  Missile Turret  
  49  8:43  Fusion Core  
  49  8:49  Terran Vehicle And Ship Armor Level 1  
  49  8:53  Missile Turret  
  49  9:12  Command Center  
  49  10:00  Neosteel Armor  
  49  10:26  Starport  
  49  10:28  Planetary Fortress  
  49  10:41  Weapon Refit  
  49  10:43  Terran Ship Weapons Level 1  
  49  11:03  Marine  
  50  11:06  Marine  
  50  11:11  Starport Tech Lab  
  51  11:20  Marine  
  51  11:24  Marine  
  53  11:38  Marine  
  54  11:41  Hi-Sec Auto Tracking  
  54  11:42  Marine  
  55  11:47  Command Center  
  55  11:55  Stimpack  
  55  11:56  Marine  
  55  11:59  Marine  
  57  12:14  Marine  
  58  12:17  Marine  
  58  12:21  Rapid Reignition System  
  59  12:29  Missile Turret  
  59  12:33  Battlecruiser  
  65  12:37  Terran Infantry Weapons Level 2, Terran Vehicle Weapons Level 2  
  65  12:52  Drilling Claws  
  65  13:07  Missile Turret  
  65  13:08  Planetary Fortress  
  65  13:28  Command Center  
  65  13:38  Missile Turret  
  65  13:49  Battlecruiser  
  71  14:17  Corvid Reactor  
  71  14:45  Planetary Fortress  
  71  14:59  Supply Depot  
  71  15:07  Missile Turret  
  71  15:24  Marine  
  71  15:27  Marine  
  73  15:42  Marine, Terran Vehicle Weapons Level 3  
  74  15:45  Marine  
  75  16:00  Marine  
  75  16:03  Marine  
  77  16:17  Marine  
  78  16:21  Marine  
  79  16:35  Marine  
  79  16:38  Marine, Battlecruiser  
  87  16:45  Command Center  
  87  17:02  Missile Turret  
  87  17:06  Raven  
  89  17:58  Missile Turret  
  89  18:08  Battlecruiser  
  95  18:25  Planetary Fortress  
  95  18:56  Missile Turret  
  95  19:46  Missile Turret  
  95  19:55  Battlecruiser  
  101  20:21  Missile Turret  
  101  21:01  Missile Turret  
  101  21:32  Battlecruiser  
  107  21:33  Command Center  
  107  21:41  Battlecruiser  
  113  22:25  SCV  
  114  22:35  Missile Turret  
  114  22:49  Planetary Fortress  
  114  22:50  Barracks  
  114  23:17  Mag-Field Accelerator  
  114  23:20  Cloaking Field  
  114  23:53  Barracks Tech Lab  
  114  24:00  Missile Turret  
  114  24:15  Missile Turret  
  114  24:40  Hyperflight Rotors  
  114  24:50  Command Center  
  114  24:56  Infernal Pre-Igniter  
  114  25:36  Battlecruiser  
  114  25:40  Battlecruiser  
  126  26:01  Missile Turret  
  126  26:03  Missile Turret  
  126  26:13  Terran Infantry Armor Level 2  
  126  26:17  Terran Vehicle And Ship Armor Level 2  
  126  26:28  Planetary Fortress  
  126  26:34  Missile Turret  
  126  26:44  Missile Turret  
  126  27:03  Missile Turret  
  126  27:41  Missile Turret  
  126  27:59  Battlecruiser  
  126  28:03  Missile Turret  
  132  28:20  Missile Turret  
  132  28:33  Terran Ship Weapons Level 2  
  132  28:58  Missile Turret  
  132  29:08  Terran Infantry Weapons Level 3  
  132  29:17  Missile Turret  
  132  29:46  Missile Turret  
  132  30:16  Missile Turret  
  132  30:17  Command Center  
  132  30:49  Terran Vehicle And Ship Armor Level 3  
  132  30:50  Command Center  
  132  31:12  Battlecruiser  
  132  31:15  Raven  
  140  31:27  SCV  
  141  31:35  Supply Depot  
  141  32:09  Command Center  
  141  32:30  Missile Turret  
  141  32:52  Battlecruiser  
  141  32:56  Terran Infantry Armor Level 3  
  147  33:13  Planetary Fortress  
  147  33:14  Missile Turret  
  147  33:51  Missile Turret  
  147  33:55  Planetary Fortress  
  147  34:13  Planetary Fortress  
  147  34:34  Engineering Bay  
  147  34:42  Missile Turret  
  147  35:06  Missile Turret  
  147  35:07  Battlecruiser  
  153  35:40  Armory  
  153  36:28  Supply Depot  
  153  36:31  Fusion Core  
  153  36:34  Terran Ship Weapons Level 3  
  153  36:52  Supply Depot  
  153  37:15  Supply Depot  
  153  37:19  Advanced Ballistics  
  153  37:39  Missile Turret  
  153  37:51  Supply Depot  
  153  38:10  Missile Turret  
  153  38:34  Missile Turret  
  153  38:49  Missile Turret  
  153  39:09  Missile Turret  
  153  39:15  Missile Turret  
  153  39:56  Command Center  
  153  41:12  Missile Turret  
  153  41:33  Missile Turret  
  153  41:57  Planetary Fortress  
  153  41:58  Missile Turret x2  
  153  42:25  Missile Turret  
  153  42:42  Missile Turret  
  153  42:47  Command Center  
  153  43:25  Missile Turret  
  153  43:44  Battlecruiser  
  153  43:47  Raven  
  161  44:03  Missile Turret  
  161  44:23  Factory  
  161  44:30  Battlecruiser  
  167  44:48  Battlecruiser  
  173  45:00  Command Center  
  173  45:10  Factory Tech Lab  
  173  45:11  Missile Turret  
  173  45:34  Battlecruiser  
  179  45:39  Siege Tank  
  182  45:52  Raven  
  184  46:14  Missile Turret  
  184  46:32  Planetary Fortress  
  184  46:35  Battlecruiser  
  184  46:38  Battlecruiser  
  196  46:53  Planetary Fortress  
  196  46:54  Missile Turret  
  196  48:41  Command Center  
  196  49:14  Missile Turret  
  196  49:56  Missile Turret  
  196  50:00  Planetary Fortress  
  196  50:02  Missile Turret  
  191  51:41  Battlecruiser  
  191  51:43  Refinery  
  189  54:19  Battlecruiser  
  195  55:52  Command Center  
  190  56:48  Battlecruiser  
  196  58:10  Planetary Fortress  
  196  58:17  Missile Turret  
  196  58:39  Missile Turret  
  196  59:43  Missile Turret  
  196  70:55  Command Center  
  195  74:33  Orbital Command  
  195  74:43  Missile Turret  
Tags
 
Add a new tag
Caveats
  • Supply blocks, unpowered buildings, or Contaminate may cause inaccurate times.
  • Supply counts are checked every 10 seconds.